 Dungeon Crawl Stone Soup version 0.18-a0-1197-g8004e50 (webtiles) character file.

604 Duffy the Ruffian (level 7, -1/52 HPs)
             Began as a Red Draconian Transmuter on Jan 30, 2016.
             Shot with an arrow by a centaur (10 damage)
             ... on level 5 of the Dungeon.
             The game lasted 00:05:44 (5484 turns).

Duffy the Ruffian (Red Draconian Transmuter)        Turns: 5484, Time: 00:05:44

Health: -1/52      AC:  8    Str: 15    XL:     7   Next: 18%
Magic:  10/10      EV: 12    Int: 13    God:
Gold:   150        SH:  0    Dex: 11    Spells: 2 memorised, 6 levels left

rFire  + . .     SeeInvis +       - Unarmed
rCold  . . .     Gourm    .     (armour unavailable)
rNeg   . . .     Faith    .     (no shield)
rPois  .         Spirit   .     (helmet restricted)
rElec  .         Dismiss  .     (no cloak)
rCorr  +         Reflect  .     n - +1 pair of gloves
SustAt .         Harm     +     (no boots)
MR     .....                    d - amulet of harm
Stlth  +.........               (no ring)
                                p - ring of resist corrosion (curse)

@: short of breath, not resistant to hostile enchantments, very unstealthy
A: breathe fire, unfitting armour, horns 1, see invisible, fire resistance 1,
cold-blooded, AC +6
a: Breathe Fire


You were on level 5 of the Dungeon.
You were not hungry.

You visited 1 branch of the dungeon, and saw 5 of its levels.

You collected 150 gold pieces.


Innate Abilities, Weirdness & Mutations

You can breathe blasts of fire.
Your fiery red scales are hard (AC +6).
Your body does not fit into most forms of armour.
Your flesh is heat resistant.
You are cold-blooded and may be slowed by cold attacks.
You have a pair of small horns on your head.
You have supernaturally acute eyesight.


   Skills:
 - Level 1.1 Fighting
 - Level 1.7 Dodging
 + Level 7.2 Unarmed Combat
 - Level 2.0 Spellcasting
 - Level 4.0 Transmutations
 - Level 1.5 Poison Magic


You had 6 spell levels left.
You knew the following spells:

 Your Spells              Type           Power        Failure   Level  Hunger
a - Spider Form           Trmt/Pois      #.........   28%         3    ####...
b - Beastly Appendage     Trmt           ##....       6%          1    ##.....

Inventory:

Missiles
 m - 9 poisoned needles
Armour
 n - a +1 pair of gloves (worn)
Jewellery
 d - an amulet of harm (around neck)
 p - a cursed ring of resist corrosion (left hand)
Wands
 q - a wand of fireball (5/15)
Scrolls
 a - a scroll of amnesia {unknown}
 e - 5 scrolls of identify {unknown}
 g - a scroll of teleportation {unknown}
 i - a scroll of remove curse {unknown}
 l - a scroll of fog {unknown}
 r - 2 scrolls of fear {unknown}
 s - 2 scrolls of enchant weapon {unknown}
 t - a scroll of immolation {unknown}
Potions
 f - a potion of mutation
 h - a potion of agility {unknown}
 k - a potion of cancellation {unknown}
 w - a potion of curing {unknown}
 x - a potion of haste {unknown}
Books
 b - a book of Changes
Comestibles
 c - 3 bread rations
 j - 2 beef jerkies
 o - a royal jelly
 u - a slice of pizza
 v - 2 chunks of flesh

Dungeon Overview and Level Annotations

Branches:
Dungeon (5/15)
 Temple: D:4-7

Altars:
Okawaru
Qazlal

Annotations:
D:4 derval's ghost, amateur FoSk


Message History

The arrow completely misses you.
You see here an arrow.
The centaur shoots an arrow.
The arrow barely misses you.
The centaur shoots an arrow.
The arrow hits you!
You see here an arrow.
The centaur unwields an uncursed shortbow.
The centaur hits you. The centaur barely misses you.
Press: ? - help, Shift-Dir - straight line, f - centaur
Aim: a centaur You fail to use your ability.
The centaur closely misses you.
Press: ? - help, Shift-Dir - straight line, f/p - centaur
Aim: a centaur You fail to use your ability.
The centaur hits you but does no damage.
The centaur barely misses you.
Press: ? - help, Shift-Dir - straight line, f/p - centaur
Aim: a centaur You breathe a blast of fire.
The fiery breath hits the centaur.
The centaur is heavily wounded.
You feel somewhat more hungry.
The centaur is engulfed in roaring flames.
The centaur hits you but does no damage.
You hit the centaur but do no damage.
Your tail-slap misses the centaur.
The centaur is almost dead.
The centaur is engulfed in roaring flames.
You kill the centaur!
Your Unarmed Combat skill increases to level 7!
The centaur shouts!
The centaur shoots an arrow.
The arrow hits you!
You see here an arrow.
Drink which item? (? for menu, Esc to quit)
It was a potion of mutation.
You feel extremely strange. A pair of horns grows on your head!
Your vision sharpens.
The centaur shoots an arrow.
The arrow hits you!
You die...

....## #.###.............
......##...(....c........
### #......(.............
########.......##....
##....(.#.#.......
##.............
####......0...####
........(.........
###...@....<.####
#..%.......# #........[.#
##...........
#..<.......###
#..........# #..........#
#..........# #..........


You could see a centaur.

Action                   |  1- 3 |  4- 6 |  7- 9 || total
-------------------------+-------+-------+-------++-------
Melee: Unarmed           |   154 |   181 |     6 ||   341
 Cast: Spider Form       |       |     7 |       ||     7
 Abil: Breathe Fire      |       |       |     1 ||     1
  Use: Potion            |       |       |     1 ||     1
  Eat: Chunk             |     5 |     9 |     2 ||    16

Notes
Turn   | Place    | Note
--------------------------------------------------------------
     0 | D:1      | Duffy the Draconian Transmuter began the quest for the Orb.
     0 | D:1      | Reached XP level 1. HP: 16/16 MP: 3/3
   220 | D:1      | Reached XP level 2. HP: 1/23 MP: 5/5
   599 | D:1      | Reached skill level 4 in Unarmed Combat
  1066 | D:1      | Reached XP level 3. HP: 18/28 MP: 6/6
  1074 | D:1      | Learned a level 3 spell: Spider Form
  1745 | D:2      | Reached skill level 1 in Poison Magic
  2245 | D:2      | Found a stormy altar of Qazlal.
  2464 | D:2      | Reached XP level 4. HP: 32/35 MP: 7/7
  2768 | D:2      | You fall through a shaft for 2 floors!
  2840 | D:4      | Noticed derval's ghost (amateur FoSk)
  2857 | D:5      | Entered Level 5 of the Dungeon
  2857 | D:5      | Noticed a centaur
  2857 | D:5      | Noticed a centaur
  3090 | D:3      | Noticed M4edhros's ghost (weakling OpAr)
  3128 | D:3      | Killed M4edhros's ghost
  3314 | D:3      | Reached skill level 5 in Unarmed Combat
  3564 | D:3      | Reached XP level 5. HP: 38/40 MP: 8/8
  3588 | D:3      | Reached skill level 3 in Transmutations
  4367 | D:4      | Found an iron altar of Okawaru.
  4412 | D:4      | Reached XP level 6. HP: 47/47 MP: 6/9
  4538 | D:3      | Reached skill level 4 in Transmutations
  5199 | D:5      | Noticed Menkaure
  5205 | D:5      | Killed Menkaure
  5205 | D:5      | Reached skill level 6 in Unarmed Combat
  5246 | D:5      | Reached XP level 7. HP: 37/52 MP: 10/10
  5246 | D:5      | Gained mutation: Your flesh is heat resistant. [Red Draconian growth]
  5480 | D:5      | Reached skill level 7 in Unarmed Combat
  5484 | D:5      | Gained mutation: You have a pair of small horns on your head. [potion of mutation]
  5484 | D:5      | Gained mutation: You have supernaturally acute eyesight. [potion of mutation]
  5484 | D:5      | Shot with an arrow by a centaur

Vault maps used:
D:1:      lightli_arrival_statue_moat, minmay_cupped
D:2:      grunt_qazlal_sundering
D:4:      okawaru_trees_2
D:5:      first_bread, hangedman_decor_lopped, uniq_menkaure

Vanquished Creatures
  Menkaure
  A centaur
  A giant frog
  A scorpion
  2 hounds
  A centaur skeleton
  2 iguanas
  A hound skeleton
  5 adders
  A gnoll
  A shadow imp
  A worm
  The ghost of M4edhros the Charlatan, a weakling OpAr
  A giant gecko
  4 orcs
  8 bats
  6 giant cockroaches
  4 goblins
  6 hobgoblins
  10 jackals
  14 kobolds
  2 quokkas
  6 giant newts
  5 rats
85 creatures vanquished.
